 Dungeon Crawl Stone Soup version 0.12.1-39-g8e7df79 (console) character file.

299 Sar the Ruinous (level 5, -7/31 HPs)
             Began as an Octopode Conjurer on May 25, 2013.
             Mangled by a worker ant (8 damage)
             ... on Level 3 of the Dungeon.
             The game lasted 00:19:57 (4465 turns).

Sar the Ruinous (Octopode Conjurer)                 Turns: 4465, Time: 00:19:57

HP  -7/31        AC  1     Str  7      XL: 5   Next: 54%
MP   9/9         EV 12     Int 18      God:
Gold 125         SH  0     Dex 13      Spells:  3 memorised,  1 level left

Res.Fire  : + + .   See Invis. : .   x - +2,+0 dwarf hand axe (pain)
Res.Cold  : + . .   Warding    : .   (no shield)
Life Prot.: . . .   Conserve   : .   (helmet restricted)
Res.Poison: +       Res.Corr.  : .   (no amulet)
Res.Elec. : +       Clarity    : .   p - cursed ring of protection from fire {unkno
Sust.Abil.: . .     Spirit.Shd : .   (no ring)
Res.Mut.  : .       Stasis     : .   (no ring)
Res.Rott. : .       Ctrl.Telep.: .   (no ring)
Saprovore : . . .   Flight     : .   (no ring)
                                     (no ring)
                                     (no ring)
                                     (no ring)

@: confused, slightly resistant to hostile enchantments, fairly stealthy
A: almost no armour, amphibious, 8 rings, constrict 8, camouflage 1, AC +1
a: no special abilities


You were on level 3 of the Dungeon.
You were not hungry.

You visited 1 branch of the dungeon, and saw 4 of its levels.

You collected 105 gold pieces.

Inventory:

Hand weapons
 e - a +2,+0 hand axe
 i - a +0,+0 sling
 n - a +0,+0 orcish long sword
 u - a +0,+1 hand axe of returning
 x - a +2,+0 dwarven hand axe of pain (weapon)
Missiles
 m - 17 darts (quivered)
 q - 47 sling bullets
 t - 19 exploding sling bullets
 v - 36 stones
Comestibles
 a - a royal jelly
 b - a bread ration
 d - a chunk of adder flesh
Scrolls
 f - a scroll of amnesia
 j - a scroll of remove curse
 w - a scroll of magic mapping
Jewellery
 p - a cursed ring of protection from fire (left tentacle) {unknown}
 y - an uncursed ring of hunger {unknown}
Potions
 g - a potion of magic
 o - a potion of might {unknown}
 r - a potion of restore abilities {unknown}
 s - a potion of degeneration {unknown}
 z - a potion of speed {unknown}
 B - a potion of flight {unknown}
Books
 c - a book of Conjurations

   Spells                             Type                      Level
   *Magic Dart                        Conjuration                  1
   *Force Lance                       Conjuration                  2
   Dazzling Spray                     Conjuration/Hexes            3
   *Iskenderun's Mystic Blast         Conjuration                  4
   Iskenderun's Battlesphere          Conjuration/Charms           4
   Fulminant Prism                    Conjuration/Hexes            5


   Skills:
 - Level 2.0 Dodging
 - Level 5.0 Stealth
 - Level 2.2 Spellcasting
 + Level 5.4 Conjurations


You had one spell level left.
You knew the following spells:

 Your Spells              Type           Power        Failure   Level  Hunger
a - Magic Dart            Conj           ####.        1%          1    #......
b - Force Lance           Conj           ####...      3%          2    ##.....
c - Iskenderun's Mystic   Conj           ####.....    24%         4    #####..


Dungeon Overview and Level Annotations

Branches:
Dungeon (4/27)
 Temple: D:4-7

Altars:
Cheibriados


Innate Abilities, Weirdness & Mutations

You cannot wear most types of armour.
You are amphibious.
You can wear up to eight rings at the same time.
You can use your tentacles to constrict many enemies at once.
Your skin changes colour to match your surroundings (Stlth).
Your rubbery body absorbs attacks (AC +1).


Message History

As you read the scroll labeled ISELOKL MACINI, it crumbles to dust.
Your steel ring {tried} glows black for a moment.
It was a scroll of curse jewellery.
Read which item? (? for menu, Esc to quit)
Okay, then.
Drink which item? (? for menu, Esc to quit)
Okay, then.
There is a large open door here.
There is a large open door here.
There is a stone staircase leading down here.
You are feeling hungry.
There is a stone staircase leading down here.
There is a stone staircase leading down here.
There is a stone staircase leading down here.
There is a stone staircase leading down here.
An adder comes into view.
Casting: Magic Dart
Confirm with . or Enter, or press ? or * to list all spells.
Aiming: Magic Dart
Press: ? - help, Shift-Dir - straight line, f - adder
Aim: an adder The magic dart hits the adder.
The adder is heavily wounded.
Casting: Magic Dart
Confirm with . or Enter, or press ? or * to list all spells.
Aiming: Magic Dart
Press: ? - help, Shift-Dir - straight line, f/p - adder
Aim: an adder (heavily wounded)
The magic dart hits the adder.
You kill the adder!
You see here an adder corpse.
You start butchering the adder corpse with your dwarven hand axe.
You continue butchering the corpse.
You finish chopping the adder corpse into pieces.
d - a chunk of adder flesh Eating a chunk of adder flesh.
This raw flesh tastes terrible.
You continue eating.
There is a stone staircase leading down here.
Magic restored.
There is a stone staircase leading down here.
You climb downwards.
An adder, a worker ant and a kobold come into view.
The kobold shouts!
Found 13 gold pieces.
Found a snail-covered altar of Cheibriados.
There is a stone staircase leading up here.
Casting: Magic Dart
Confirm with . or Enter, or press ? or * to list all spells.
Aiming: Magic Dart
Press: ? - help, Shift-Dir - straight line, f - adder
Aim: an adder (resting)
The magic dart hits the adder.
The adder is moderately wounded.
Casting: Magic Dart
Confirm with . or Enter, or press ? or * to list all spells.
Aiming: Magic Dart
Press: ? - help, Shift-Dir - straight line, f/p - adder
Aim: an adder (moderately wounded)
The magic dart hits the adder.
The adder is severely wounded.
A hobgoblin comes into view. It is wielding an orcish club.
The adder bites you.
You climb upwards.
There is a stone staircase leading down here.
Casting: Magic Dart
Confirm with . or Enter, or press ? or * to list all spells.
Aiming: Magic Dart
Press: ? - help, Shift-Dir - straight line, f - adder
Aim: an adder (severely wounded)
The magic dart hits the adder.
You kill the adder!
You see here an adder corpse.
You start butchering the adder corpse with your dwarven hand axe.
You continue butchering the corpse.
You finish chopping the adder corpse into pieces.
d - a chunk of adder flesh Eat which item? (? for menu, Esc to quit)
Okay, then.
You start resting.
Magic restored.
You start resting.
HP restored.
There is a stone staircase leading down here.
You climb downwards.
The kobold hits you. The kobold hits you with a dagger.
The worker ant barely misses you.
There is a stone staircase leading up here.
The kobold closely misses you. The kobold hits you but does no damage.
The worker ant bites you! The worker ant bites you.
You climb upwards.
There is a stone staircase leading down here.
You barely miss the worker ant. The worker ant bites you!
* * * LOW HITPOINT WARNING * * *
Drink which item? (? for menu, Esc to quit)
You feel protected.
It was a potion of resistance.
The worker ant bites you.
* * * LOW HITPOINT WARNING * * *
Drink which item? (? for menu, Esc to quit)
You are confused.
It was a potion of confusion.
The worker ant bites you!
You die...

##..###............#.###.#.###.##
........##.......................
......................[..#.###.##
##.###.......#.#########.#.#.....
#.###.......#.#.....#...........
#...........'[#.###.#.#.#.#.#'##
##..........###...#.#.#.........
#..........# ###.#.#.#.#......#
#.....)....# #@aK#.#.#........'
#..........# #####.#.#.#......#
#..........# #(....#.#......<.#
#.....##'### #.#####.#.#......#
#.....##.### #.......#........#
##'##......###########.........
#.##.##..........# #.....#.##
#.##.###########.# #.....#.##
#.##.# #.# #...#.....


You could see a worker ant and a kobold.

Vanquished Creatures
  A worker ant (D:3)
  4 adders
  2 gnolls (D:4)
  2 worms (D:2)
  A giant mite (D:1)
  A giant gecko (D:3)
  4 orcs (D:3)
  4 bats
  12 goblins
  9 hobgoblins
  5 jackals
  4 giant cockroaches
  5 giant newts
  7 kobolds
  A quokka (D:3)
  7 rats
69 creatures vanquished.

Vanquished Creatures (others)
  A giant newt (D:3)
  5 toadstools (D:1)
6 creatures vanquished.

Grand Total: 75 creatures vanquished

Notes
Turn   | Place    | Note
--------------------------------------------------------------
     0 | D:1      | Sar, the Octopode Conjurer, began the quest for the Orb.
     0 | D:1      | Reached XP level 1. HP: 11/11 MP: 3/3
   373 | D:1      | Reached XP level 2. HP: 17/17 MP: 4/4
   592 | D:1      | Learned a level 2 spell: Force Lance
  1018 | D:1      | Reached XP level 3. HP: 21/21 MP: 5/5
  1147 | D:1      | Reached skill level 5 in Stealth
  2126 | D:2      | Reached XP level 4. HP: 27/27 MP: 4/8
  2167 | D:2      | Learned a level 4 spell: Iskenderun's Mystic Blast
  2244 | D:2      | Found a snail-covered altar of Cheibriados.
  3266 | D:3      | Reached XP level 5. HP: 16/31 MP: 5/9
  3899 | D:4      | Reached skill level 5 in Conjurations
  4414 | D:4      | Found a snail-covered altar of Cheibriados.
  4464 | D:3      | HP: 1/31 [worker ant (4)]
  4465 | D:3      | Mangled by a worker ant

Action                   |  1- 3 |  4- 6 || total
-------------------------+-------+-------++-------
Melee: Unarmed           |     9 |       ||     9
       Hand axe          |     5 |     7 ||    12
       Dagger            |     2 |       ||     2
 Fire: Sling             |    10 |     5 ||    15
Throw: Dart              |     3 |       ||     3
 Cast: Magic Dart        |    76 |    84 ||   160
       Force Lance       |     2 |     1 ||     3
  Use: Scroll            |     5 |     3 ||     8
       Potion            |       |     5 ||     5
